[Event "Titled Tuesday Blitz July 6 2021"]
[White "Tomiello, Lucas Costamilan"]
[Black "Bilych, Olexiy"]
[WhiteFideId "22701940"]
[BlackFideId "14156504"]
[WhiteElo "1945"]
[BlackElo "2246"]
[Result "0-1"]
[Round "05"]
[TimeControl "180+1"]
[Date "2021.07.06"]
[WhiteClock "0:00:04"]
[BlackClock "0:00:21"]

1. e4 Nf6 2. e5 Nd5 3. d4 d6 4. c4 Nb6 5. exd6 cxd6 6. Nc3 g6 7. Be3 Bg7 8. Rc1 O-O 9. Nf3 Nc6 10. b3 Bg4 11. Be2 d5 12. c5 Nc8 13. O-O e6 14. h3 Bxf3 15. Bxf3 N8e7 16. Qd2 Nf5 17. Ne2 Nh4 18. b4 Nxf3+ 19. gxf3 e5 20. b5 exd4 21. Nxd4 Ne5 22. c6 bxc6 23. bxc6 Rc8 24. f4 Nc4 25. Qe2 Re8 26. Rfd1 Qf6 27. Qf3 Red8 28. f5 Qd6 29. Bf4 Qc5 30. c7 Rd7 31. Nb3 Qb5 32. Bg3 Ne5 33. Qe3 Nc4 34. Qc5 a6 35. Kg2 Qb7 36. Kh2 Be5 37. Rxc4 Bxg3+ 38. fxg3 Rdxc7 39. Qxd5 Qxd5 40. Rxd5 Rxc4 41. fxg6 hxg6 42. h4 Rc2+ 43. Kh3 Rxa2 44. h5 Kg7 45. hxg6 fxg6 46. Nd4 Ra3 47. Ne6+ Kf6 48. Nf4 Rc6 49. Rd8 a5 50. Rf8+ Kg7 51. Ra8 Rcc3 52. Ra7+ Kh6 53. Ne2 Re3 0-1


[Site "https://www.chess.com"]

[Event "Titled Tuesday Blitz July 6 2021"]
[White "Travadon, Loic"]
[Black "Abdurakhmonov, Mukhammadali"]
[WhiteFideId "26092131"]
[BlackFideId "14207346"]
[WhiteElo "2095"]
[BlackElo "2266"]
[Result "0-1"]
[Round "05"]
[TimeControl "180+1"]
[Date "2021.07.06"]
[WhiteClock "0:01:36"]
[BlackClock "0:00:32"]

1. e4 e5 2. Nf3 Nc6 3. Bb5 a6 4. Bf1 Nf6 5. Nc3 d5 6. exd5 Nxd5 7. Bc4 Be6 8. Bxd5 Bxd5 9. O-O Be7 10. Re1 f6 11. d4 Bxf3 12. Qxf3 Qxd4 13. Be3 Qc4 14. Nd5 O-O 15. b3 Qh4 16. Nxc7 Rac8 17. Ne6 Rf7 18. Rad1 Bb4 19. Re2 Re8 20. Nc5 f5 21. Qd5 Rd8 22. c4 Bxc5 23. Bxc5 Rxd5 24. cxd5 Rd7 25. Red2 Ne7 26. f3 Qf6 27. h3 Ng6 28. d6 Nf4 29. Be3 Ne6 30. Rc2 h6 31. Rc8+ Kh7 32. Bb6 Nf4 33. Bc5 Qg5 34. g4 Nxh3+ 35. Kh2 fxg4 36. fxg4 Qxg4 37. Rf1 Nf4 38. Rf2 Rxd6 39. Bxd6 Qh3+ 40. Kg1 Qxc8 41. Bxe5 Nh3+ 42. Kg2 Nxf2 0-1


[Site "https://www.chess.com"]

[Event "Titled Tuesday Blitz July 6 2021"]
[White "Vidit, Santosh Gujrathi"]
[Black "Vignesh, N R"]
[WhiteFideId "5029465"]
[BlackFideId "25012215"]
[WhiteElo "2735"]
[BlackElo "2401"]
[Result "1/2-1/2"]
[Round "05"]
[TimeControl "180+1"]
[Date "2021.07.06"]
[WhiteClock "0:00:26"]
[BlackClock "0:01:39"]

1. Nf3 d5 2. g3 Nf6 3. Bg2 g6 4. c4 c6 5. b3 Bg7 6. Bb2 O-O 7. O-O dxc4 8. bxc4 c5 9. d3 Nc6 10. Ne5 Nxe5 11. Bxe5 Ne8 12. Bxg7 Nxg7 13. Nd2 Rb8 14. a4 b6 15. a5 Bb7 16. axb6 axb6 17. Bxb7 Rxb7 18. Nf3 b5 19. cxb5 Rxb5 20. Ra7 Qd6 21. Nd2 Nf5 22. Nc4 Qe6 23. e3 Nd6 24. Ra6 Qd5 25. Qc2 Rfb8 26. Rc1 Rb3 27. Rd1 Nxc4 1/2-1/2


[Site "https://www.chess.com"]

[Event "Titled Tuesday Blitz July 6 2021"]
[White "Villegas, Pierre"]
[Black "Yanchenko, Roman"]
[WhiteFideId "654183"]
[BlackFideId "4137329"]
[WhiteElo "2411"]
[BlackElo "2514"]
[Result "0-1"]
[Round "05"]
[TimeControl "180+1"]
[Date "2021.07.06"]
[WhiteClock "0:00:01"]
[BlackClock "0:00:12"]

1. d4 d5 2. c4 c6 3. Nf3 Nf6 4. Qc2 g6 5. Bf4 Bg7 6. e3 Bf5 7. Qb3 Qb6 8. Nc3 Nbd7 9. c5 Qxb3 10. axb3 a6 11. b4 Rc8 12. h3 O-O 13. Nd2 Rfe8 14. g4 Be6 15. f3 Ra8 16. Nb3 Rec8 17. Be2 Ne8 18. h4 f6 19. h5 Bf7 20. hxg6 Bxg6 21. Kd2 e5 22. Bg3 Nc7 23. f4 exf4 24. Bxf4 Ne6 25. Bd6 Ng5 26. Raf1 Re8 27. Na5 Ra7 28. Bd3 Nf8 29. Bxg6 hxg6 30. Rh2 Nfh7 31. Kd3 Bf8 32. Bc7 Re7 33. Bd6 Rf7 34. Bxf8 Kxf8 35. e4 dxe4+ 36. Nxe4 Nxe4 37. Kxe4 Ra8 38. Kd3 Rd8 39. Rfh1 Kg8 40. Kc4 Rfd7 41. Nb3 Re8 42. Kd3 Red8 43. Kc4 Re8 44. Kd3 Ree7 45. Nd2 Ng5 46. Nc4 Re4 47. Nd6 Rxg4 48. Rh8+ Kg7 49. Re8 Rg3+ 50. Kc2 Rh3 51. Rhe1 Rh2+ 0-1


[Site "https://www.chess.com"]

[Event "Titled Tuesday Blitz July 6 2021"]
[White "Visakh N R"]
[Black "Jakubowski, Krzysztof"]
[WhiteFideId "25012223"]
[BlackFideId "1112848"]
[WhiteElo "2428"]
[BlackElo "2462"]
[Result "0-1"]
[Round "05"]
[TimeControl "180+1"]
[Date "2021.07.06"]
[WhiteClock "0:00:15"]
[BlackClock "0:00:05"]

1. e4 c5 2. Nf3 e6 3. d4 cxd4 4. Nxd4 Nc6 5. Nc3 Qc7 6. Nb3 a6 7. Be2 b5 8. a3 Nf6 9. O-O Be7 10. f4 d6 11. Be3 O-O 12. Bd3 Nd7 13. g4 Nb6 14. Qe2 Re8 15. Rae1 Bf8 16. g5 Na4 17. Nxa4 bxa4 18. Nd4 Rb8 19. Nxc6 Qxc6 20. c3 Qb7 21. Rf2 Bd7 22. h4 Bb5 23. h5 g6 24. Rh2 Bxd3 25. Qxd3 Qb5 26. Qd1 Qc6 27. Qf3 Bg7 28. Rf1 Re7 29. f5 exf5 30. exf5 Qxf3 31. Rxf3 gxf5 32. Rd2 Reb7 33. Rff2 Be5 34. Kg2 Kg7 35. Kf3 f6 36. Rg2 fxg5 37. Rxg5+ Kf6 38. Rgg2 Rg7 39. Rxg7 Kxg7 40. Bg5 Kf7 41. Be3 Ke6 42. Rg2 Kd5 43. Bf4 Rb7 44. Re2 Rg7 45. Rd2+ Ke6 46. Bxe5 dxe5 47. Rd8 e4+ 48. Ke3 Rg3+ 49. Ke2 Ke5 50. c4 Rb3 51. Rh8 Rxb2+ 52. Kd1 f4 53. c5 f3 54. c6 f2 55. Rf8 e3 56. Kc1 Rb5 57. c7 Rc5+ 58. Kd1 Rxc7 59. Ke2 Rc3 60. h6 Rxa3 61. Rf7 Ke4 62. Re7+ Kf4 63. Rf7+ Kg5 64. Rxh7 Ra2+ 65. Kxe3 f1=Q 0-1


[Site "https://www.chess.com"]

[Event "Titled Tuesday Blitz July 6 2021"]
[White "Vlachos, Anatole"]
[Black "Gunina, Valentina"]
[WhiteFideId "26093189"]
[BlackFideId "4167570"]
[WhiteElo "2350"]
[BlackElo "2399"]
[Result "1-0"]
[Round "05"]
[TimeControl "180+1"]
[Date "2021.07.06"]
[WhiteClock "0:00:16"]
[BlackClock "0:00:19"]

1. Nf3 d5 2. g3 c6 3. Bg2 Bg4 4. O-O Nd7 5. h3 Bh5 6. d3 e5 7. Nbd2 Ngf6 8. e4 Bc5 9. Qe1 O-O 10. Nh4 Re8 11. Nf5 a5 12. a4 Nf8 13. Nb3 Bb6 14. Kh2 Bg6 15. Nh4 Bc7 16. Nxg6 hxg6 17. Bd2 Ne6 18. Qe2 Nd4 19. Nxd4 exd4 20. f4 dxe4 21. dxe4 Qd7 22. e5 Nd5 23. Rae1 Rad8 24. Qc4 Bb6 25. Bxd5 Qxd5 26. Qxd5 Rxd5 27. Re4 Rc5 28. Rc1 Rd8 29. Kg2 Bc7 30. Kf3 b5 31. axb5 Rxb5 32. b3 d3 33. Re3 Bb6 34. Rxd3 Rxd3+ 35. cxd3 Rxb3 36. Ke4 a4 37. Rxc6 a3 38. Rc8+ Kh7 39. Ra8 f5+ 40. exf6 gxf6 41. g4 f5+ 42. gxf5 gxf5+ 43. Kxf5 Rxd3 44. Bb4 Rd5+ 45. Ke6 Rd4 46. Bd6 Re4+ 47. Be5 Re3 48. Kf5 1-0


[Site "https://www.chess.com"]

[Event "Titled Tuesday Blitz July 6 2021"]
[White "Weetik, Vjacheslav"]
[Black "Garcia Blanco, Omar"]
[WhiteFideId "4153472"]
[BlackFideId "2287153"]
[WhiteElo "2469"]
[BlackElo "2273"]
[Result "0-1"]
[Round "05"]
[TimeControl "180+1"]
[Date "2021.07.06"]
[WhiteClock "0:00:02"]
[BlackClock "0:00:06"]

1. d4 c5 2. d5 b5 3. e4 a6 4. a4 b4 5. Nd2 g6 6. Nc4 d6 7. a5 Nd7 8. f4 Bg7 9. Nf3 Bb7 10. Bd3 Ngf6 11. O-O O-O 12. c3 bxc3 13. bxc3 Qc7 14. Bc2 Rfd8 15. Kh1 Rab8 16. Be3 Ba8 17. h3 Nh5 18. Qe1 e6 19. dxe6 fxe6 20. f5 d5 21. fxe6 dxc4 22. exd7 Ng3+ 23. Kg1 Nxf1 24. Qxf1 Qxd7 25. Ng5 Rf8 26. Qxc4+ Kh8 27. Qxa6 Bxc3 28. Rd1 Bd4 29. Bxd4+ cxd4 30. Qd3 Rbd8 31. a6 Bc6 32. Nf3 Bb5 33. Qxd4+ Qxd4+ 34. Rxd4 Rxd4 35. Nxd4 Bxa6 36. Ne6 Rc8 37. Bb3 Bc4 38. Bxc4 Rxc4 39. Ng5 Kg7 40. Kf2 h6 41. Ne6+ Kf6 42. Nf4 Rxe4 43. Kf3 Ra4 44. Nd5+ Ke5 45. Ne7 Rf4+ 46. Ke3 Rf6 0-1


[Site "https://www.chess.com"]

[Event "Titled Tuesday Blitz July 6 2021"]
[White "Yakubboev, Nodirbek"]
[Black "Lortkipanidze, Nodar"]
[WhiteFideId "14203987"]
[BlackFideId "13604058"]
[WhiteElo "2519"]
[BlackElo "2312"]
[Result "1/2-1/2"]
[Round "05"]
[TimeControl "180+1"]
[Date "2021.07.06"]
[WhiteClock "0:00:11"]
[BlackClock "0:00:25"]

1. e4 e6 2. Qe2 c5 3. g3 Nc6 4. Bg2 g6 5. Nf3 Bg7 6. O-O Nge7 7. c3 d5 8. e5 Qc7 9. Re1 h6 10. Na3 a6 11. d4 cxd4 12. cxd4 Bd7 13. Bd2 Nf5 14. Qd3 Qb6 15. Nc2 O-O 16. g4 Nfe7 17. h4 Rfc8 18. h5 gxh5 19. gxh5 Nf5 20. Bc3 Nce7 21. Nh2 Ba4 22. Ne3 Qb5 23. Qd2 Nxe3 24. Rxe3 Nf5 25. Rf3 Qd7 26. Bh3 Ne7 27. Kh1 Kh8 28. Rxf7 Rf8 29. Rxg7 Kxg7 30. Rg1+ Kh7 31. Qe3 Bc2 32. Bd2 Ng8 33. Ng4 Qe8 34. Nf6+ Rxf6 35. exf6 Qxh5 36. Qg3 Bg6 37. Kg2 Nxf6 38. Qc7+ Bf7 39. Kh2 Rf8 40. Bf4 Ne4 41. Be5 Ng5 42. Rg3 Rg8 43. Kg2 Nxh3 44. Rxg8 Kxg8 45. Qc8+ Be8 46. Qxe6+ Bf7 47. Qxh3 Qxh3+ 48. Kxh3 Bg6 49. Kh4 Kf7 50. Bf4 h5 51. Kg5 Bb1 52. a3 Bg6 53. Be5 Be4 54. Kxh5 Ke6 55. Kg5 a5 56. f4 a4 57. Bc7 b5 58. Ba5 Bd3 59. Bb4 Be4 60. Bc5 Bd3 61. Kg4 Be4 62. Bb4 Bd3 63. Ba5 Be4 64. Bc7 Bd3 65. Be5 Be2+ 66. Kg3 Bd3 67. Kf3 Kf5 68. Ke3 Bc4 69. Kd2 Bb3 70. Kc3 Bc4 71. Kb4 Ke4 72. Kc5 Kf5 73. Kd6 Bb3 74. Kc6 Bc4 75. Bc7 Ke6 76. Kc5 Kf5 77. Kc6 Ke6 78. Bd8 Kf5 79. Bg5 Ke4 80. Kd6 Kf5 81. Bh6 Bb3 82. Kc5 Bc4 83. Kd6 Bb3 84. Bg5 Bc4 85. Kc5 Ke4 86. Bh6 Kf5 87. Bg7 Kxf4 88. Be5+ Ke4 89. Bc7 Kd3 90. Ba5 Kc2 91. Bc3 Kb3 92. Kb6 Kc2 93. Kc5 Kd3 94. Kb4 Ke4 95. Kc5 Kf5 96. Kb4 Ke6 97. Kc5 Kd7 98. Bb4 Kc7 99. Bc3 Kd7 100. Bb4 Ke6 101. Bc3 Kf5 102. Kb4 Ke4 103. Kc5 Kd3 104. Kb4 Kc2 105. Kc5 1/2-1/2


[Site "https://www.chess.com"]

[Event "Titled Tuesday Blitz July 6 2021"]
[White "Zanette, Edgard Vinicius"]
[Black "Kavyev, Ruslan"]
[WhiteFideId "2109263"]
[BlackFideId "34110981"]
[WhiteElo "2202"]
[BlackElo "2172"]
[Result "0-1"]
[Round "05"]
[TimeControl "180+1"]
[Date "2021.07.06"]
[WhiteClock "0:01:23"]
[BlackClock "0:01:50"]

1. e4 c5 2. Nf3 d6 3. d4 cxd4 4. Nxd4 Nf6 5. f3 Nc6 6. c4 e6 7. Nb3 Be7 8. Nc3 O-O 9. Be3 d5 10. cxd5 exd5 11. exd5 Nb4 12. Bc4 a6 13. a3 b5 14. Bxb5 axb5 15. axb4 Rxa1 16. Nxa1 Bxb4 17. O-O Bxc3 18. bxc3 Nxd5 19. Bd4 Nf4 20. Bc5 Qg5 21. Qd2 Nh3+ 0-1


[Site "https://www.chess.com"]

[Event "Titled Tuesday Blitz July 6 2021"]
[White "Zong, Davis"]
[Black "Lodici, Lorenzo"]
[WhiteFideId "30903955"]
[BlackFideId "884189"]
[WhiteElo "2447"]
[BlackElo "2265"]
[Result "0-1"]
[Round "05"]
[TimeControl "180+1"]
[Date "2021.07.06"]
[WhiteClock "0:00:02"]
[BlackClock "0:00:10"]

1. d4 e6 2. c4 b6 3. e4 Bb7 4. Nc3 Bb4 5. Qc2 Qh4 6. Bd3 f5 7. g3 Qh5 8. Ne2 Qf3 9. O-O Nf6 10. d5 fxe4 11. Nxe4 exd5 12. Nd4 dxe4 13. Nxf3 exf3 14. a3 Be7 15. Re1 Nc6 16. b4 Nd4 17. Qb2 Ne6 18. Bf5 O-O-O 19. Be3 Kb8 20. Rad1 Rde8 21. Rxd7 Nxd7 22. Bxe6 Bf6 23. Bd4 Ne5 24. Bf5 Nxc4 25. Qc1 Bxd4 26. h4 Nd6 27. Bd3 Be4 28. Qf4 Bxd3 29. Rxe8+ Rxe8 30. Qxd4 Re1+ 31. Kh2 Be2 32. Qxg7 Rd1 33. Qh8+ Kb7 34. Qe5 Bf1 35. g4 Bg2 36. Kg3 Rh1 37. h5 Rg1 38. Kf4 Bh3 39. Qd5+ Ka6 40. Qd3+ b5 41. Qxf3 Rxg4+ 42. Ke5 Re4+ 43. Kd5 Be6+ 0-1


[Site "https://www.chess.com"]

[Event "Titled Tuesday Blitz July 6 2021"]
[White "Zubritskiy, Artyom"]
[Black "Ljukin, Sergei"]
[WhiteFideId "4181247"]
[BlackFideId "14102200"]
[WhiteElo "2559"]
[BlackElo "2309"]
[Result "1-0"]
[Round "05"]
[TimeControl "180+1"]
[Date "2021.07.06"]
[WhiteClock "0:00:31"]
[BlackClock "0:00:52"]

1. d4 d5 2. c4 c6 3. Nf3 Nf6 4. Nc3 dxc4 5. e4 b5 6. e5 Nd5 7. Ng5 h6 8. Nge4 Bf5 9. g4 Bg6 10. e6 b4 11. exf7+ Kxf7 12. Qf3+ Kg8 13. Na4 Qa5 14. Nac5 c3 15. Bc4 Kh7 16. h4 cxb2 17. Bxb2 Nf6 18. Ng5+ 1-0


[Site "https://www.chess.com"]

[Event "Titled Tuesday Blitz July 6 2021"]
[White "Abdurakhmonov, Mukhammadali"]
[Black "Le, Tuan Minh"]
[WhiteFideId "14207346"]
[BlackFideId "12401153"]
[WhiteElo "2266"]
[BlackElo "2450"]
[Result "1-0"]
[Round "06"]
[TimeControl "180+1"]
[Date "2021.07.06"]
[WhiteClock "0:00:06"]
[BlackClock "0:00:03"]

1. e4 c5 2. Nc3 Nc6 3. Nge2 e5 4. Nd5 Nf6 5. Nec3 d6 6. Bc4 Be6 7. O-O Be7 8. d3 O-O 9. f4 exf4 10. Bxf4 Nd7 11. Qh5 Nde5 12. Bxe5 Nxe5 13. Nxe7+ Qxe7 14. Nd5 Qd8 15. Rf4 b5 16. Bxb5 Bxd5 17. exd5 Qb6 18. Bc6 Qxb2 19. Raf1 Rab8 20. Qe2 Qxa2 21. Ra4 Qb2 22. Rxa7 Qd4+ 23. Kh1 c4 24. Ra3 cxd3 25. cxd3 Rb2 26. Qe4 Qxe4 27. dxe4 Re2 28. Ra4 h5 29. h3 Rb8 30. Ra8 Rxa8 31. Bxa8 Rxe4 32. Rb1 Ra4 33. Rb8+ Kh7 34. Rd8 h4 35. Bc6 Ra1+ 36. Kh2 Ra2 37. Kg1 Nc4 38. Bb5 Ne3 39. Bd3+ g6 40. Be4 f5 41. Bf3 Nc4 42. Re8 Kg7 43. Re6 Ra1+ 44. Kf2 Ra2+ 45. Be2 Kf7 46. Ke1 Ra1+ 47. Kf2 Ra2 48. Ke1 Ne5 49. Rxd6 Ra5 50. Kf2 Kg7 51. Ke3 Nf7 52. Rd7 Kf6 53. Kd4 Ra4+ 54. Kc5 Ra2 55. Bf3 Rc2+ 56. Kb6 Rc1 57. d6 Ne5 58. Rd8 Nf7 59. Rd7 g5 60. Kb7 Ne5 61. Re7 g4 62. hxg4 fxg4 63. Rxe5 Kxe5 64. d7 gxf3 65. d8=Q Kf4 66. Qxh4+ Kf5 67. gxf3 Rb1+ 68. Kc6 Rc1+ 69. Kd5 Rd1+ 70. Kc4 Rg1 71. Qe4+ Kf6 72. Qd4+ 1-0


[Site "https://www.chess.com"]

[Event "Titled Tuesday Blitz July 6 2021"]
[White "Abdusattorov, Nodirbek"]
[Black "Vidit, Santosh Gujrathi"]
[WhiteFideId "14204118"]
[BlackFideId "5029465"]
[WhiteElo "2662"]
[BlackElo "2735"]
[Result "1/2-1/2"]
[Round "06"]
[TimeControl "180+1"]
[Date "2021.07.06"]
[WhiteClock "0:00:05"]
[BlackClock "0:00:04"]

1. e4 c5 2. Nf3 e6 3. g3 d5 4. exd5 exd5 5. Bg2 Nc6 6. O-O d4 7. d3 Be7 8. Re1 Nf6 9. Bg5 O-O 10. Nbd2 h6 11. Bxf6 Bxf6 12. Ne4 Be7 13. a4 Bg4 14. h3 Be6 15. Nfd2 Qd7 16. f4 Bxh3 17. Bxh3 Qxh3 18. Qf3 Rae8 19. Nc4 Qd7 20. f5 Qd8 21. Re2 Bg5 22. Nxc5 Rxe2 23. Qxe2 Qd5 24. Nxb7 Qxf5 25. Nbd6 Qd5 26. Rf1 f5 27. Qg2 Qxg2+ 28. Kxg2 g6 29. Re1 Be7 30. c3 Bf6 31. cxd4 Bxd4 32. Re6 Rf6 33. Re8+ Rf8 34. Re2 Bf6 35. Re6 Nd4 36. Re1 Rb8 37. Kf2 h5 38. Re8+ Rxe8 39. Nxe8 Be7 40. Nc7 Kf7 41. Nd5 Bd8 42. b4 g5 43. b5 Ke6 44. Nb4 g4 45. a5 Nxb5 46. Nc6 Bf6 47. Kg2 h4 48. gxh4 Bxh4 49. Ne3 Bg5 50. Nc4 f4 51. Nb4 Bh4 52. Nd2 Be7 53. Nc6 Bd6 54. Ne4 f3+ 55. Kf2 Bf4 56. Nd8+ Kd5 57. a6 Kd4 58. Ne6+ Kxd3 59. N4c5+ Kc4 60. Nxf4 Kxc5 61. Kg3 Kb6 62. Nd3 Kxa6 63. Kxg4 Nd4 64. Kf4 Kb5 65. Ke3 Kc4 66. Ne5+ Kc3 67. Nd7 a5 68. Nb6 Nb3 69. Kxf3 Kd4 70. Ke2 Kc5 71. Nd7+ Kb5 72. Kd3 a4 73. Kc3 Na5 74. Nf6 a3 75. Ne4 Nc6 76. Kb3 Nd4+ 77. Kxa3 1/2-1/2


[Site "https://www.chess.com"]

[Event "Titled Tuesday Blitz July 6 2021"]
[White "Alavi, Sayed Javad"]
[Black "Martins, Igor Carvalho Ribeiro"]
[WhiteFideId "12500607"]
[BlackFideId "2162962"]
[WhiteElo "2495"]
[BlackElo "2522"]
[Result "1-0"]
[Round "06"]
[TimeControl "180+1"]
[Date "2021.07.06"]
[WhiteClock "0:02:13"]
[BlackClock "0:02:33"]

1. e4 c5 2. c3 Nf6 3. e5 Nd5 4. d4 cxd4 5. cxd4 d6 6. Nf3 Nc6 7. Bc4 Nb6 8. Bb5 dxe5 9. Nxe5 Bd7 10. Nxd7 Qxd7 11. O-O e6 12. Nc3 Rd8 13. Qf3 Be7 14. Qg3 O-O 15. Rd1 a6 16. Bh6 Bf6 17. Ne4 1-0


[Site "https://www.chess.com"]

[Event "Titled Tuesday Blitz July 6 2021"]
[White "Alavkin, Arseny"]
[Black "Siva Mahadevan"]
[WhiteFideId "4120612"]
[BlackFideId "25043153"]
[WhiteElo "2401"]
[BlackElo "2203"]
[Result "0-1"]
[Round "06"]
[TimeControl "180+1"]
[Date "2021.07.06"]
[WhiteClock "0:00:08"]
[BlackClock "0:00:13"]

1. e4 c5 2. Nc3 Nc6 3. Nge2 d6 4. d4 cxd4 5. Nxd4 Nf6 6. Bg5 e6 7. Qd2 a6 8. O-O-O Bd7 9. f4 b5 10. Bxf6 gxf6 11. Kb1 Qb6 12. f5 Qxd4 13. Qxd4 Nxd4 14. Rxd4 h5 15. Be2 h4 16. Bf3 Rc8 17. Rhd1 Rc5 18. a3 Bc6 19. R4d3 Rg8 20. Re1 Rg5 21. Ne2 exf5 22. Nd4 Bxe4 23. Nxf5 d5 24. Bxe4 dxe4 25. Rxe4+ Re5 26. Rxe5+ fxe5 27. Nxh4 e4 28. Re3 f5 29. g3 Rh5 30. Re2 Kf7 31. Rf2 Kf6 32. Kc1 Bd6 33. Kd1 f4 34. Ke2 Kg5 35. Rg2 Kg4 36. Rg1 f3+ 37. Ke1 e3 38. Rf1 f2+ 39. Ke2 Rd5 40. Ng2 Rd2+ 41. Kxe3 Rxc2 42. Kd3 Rxb2 43. Nh4 Bxa3 44. Ke3 Bc5+ 45. Kd3 b4 46. Kc4 Ba7 47. Ng6 Kf3 48. Nf4 a5 49. h4 Kxg3 50. Nd3 Rc2+ 51. Kb5 Kg2 52. Rd1 f1=Q 53. Rxf1 Kxf1 54. Kxa5 b3 55. Ka6 Be3 56. h5 b2 57. Nxb2 Rxb2 58. Ka5 Ke2 59. Ka6 Kd3 60. Ka5 Kc4 61. Ka6 Bd4 62. Ka5 0-1


[Site "https://www.chess.com"]

[Event "Titled Tuesday Blitz July 6 2021"]
[White "Alekseenko, Kirill"]
[Black "Nguyen, Quoc Hy"]
[WhiteFideId "4135539"]
[BlackFideId "12410853"]
[WhiteElo "2580"]
[BlackElo "1975"]
[Result "0-1"]
[Round "06"]
[TimeControl "180+1"]
[Date "2021.07.06"]
[WhiteClock "0:00:13"]
[BlackClock "0:00:07"]

1. d4 d5 2. Nc3 Bf5 3. Bf4 Nf6 4. f3 e6 5. g4 Bg6 6. h4 h5 7. g5 Nfd7 8. e4 Bb4 9. Bd3 O-O 10. Ne2 c5 11. exd5 cxd4 12. a3 Ba5 13. b4 dxc3 14. bxa5 Bxd3 15. Qxd3 Nc5 16. Qxc3 Nba6 17. d6 Rc8 18. Qd2 Re8 19. O-O e5 20. Bh2 Rc6 21. Rad1 Re6 22. Qe3 Rcxd6 23. Rxd6 Qxd6 24. Ng3 Qd4 25. Qxd4 exd4 26. Nxh5 Re2 27. Rd1 Ne6 28. Nf4 Rxh2 29. Nxe6 Rxc2 30. Nxd4 Rc5 31. Rb1 Rd5 32. Ne2 Rxa5 33. Rxb7 Nc5 34. Rb8+ Kh7 35. Rc8 Nb3 36. f4 Rxa3 37. Rc7 Kg6 38. Ng3 Nd4 39. h5+ Kh7 40. Ne4 Ne2+ 41. Kf2 Nxf4 42. Rxf7 Nxh5 43. Rb7 a5 44. Ra7 a4 45. Ra6 Nf4 46. Ng3 Ra2+ 47. Kf3 Ng6 48. Nf5 Ra1 49. Ra7 Rf1+ 50. Kg4 Rf4+ 51. Kh5 Rxf5 52. Ra8 Rf4 53. Ra5 Rh4# 0-1


[Site "https://www.chess.com"]

[Event "Titled Tuesday Blitz July 6 2021"]
[White "Arabidze, Meri"]
[Black "Deviprasath, Sharvesh"]
[WhiteFideId "13604040"]
[BlackFideId "30938228"]
[WhiteElo "2432"]
[BlackElo "2102"]
[Result "1-0"]
[Round "06"]
[TimeControl "180+1"]
[Date "2021.07.06"]
[WhiteClock "0:02:20"]
[BlackClock "0:01:37"]

1. Nf3 Nf6 2. d4 g6 3. g3 Bg7 4. Bg2 O-O 5. O-O d6 6. a4 Nbd7 7. a5 a6 8. Nc3 e5 9. dxe5 dxe5 10. Be3 c6 11. Ng5 Qe7 12. Nge4 Nxe4 13. Nxe4 f5 14. Qd6 Qxd6 15. Nxd6 e4 16. c3 Nf6 17. c4 Ng4 18. Bb6 Be6 19. f3 Ne3 20. Bxe3 1-0


[Site "https://www.chess.com"]

[Event "Titled Tuesday Blitz July 6 2021"]
[White "Arutinian, David"]
[Black "Boidiya, Sidi"]
[WhiteFideId "13601741"]
[BlackFideId "19600100"]
[WhiteElo "2525"]
[BlackElo "2113"]
[Result "1/2-1/2"]
[Round "06"]
[TimeControl "180+1"]
[Date "2021.07.06"]
[WhiteClock "0:00:31"]
[BlackClock "0:00:07"]

1. Nf3 Nf6 2. c4 e6 3. e3 b6 4. b3 Bb7 5. Bb2 Be7 6. Nc3 O-O 7. d4 d5 8. Bd3 c5 9. cxd5 Nxd5 10. Nxd5 Qxd5 11. dxc5 Bxc5 12. O-O Qh5 13. Ne5 Qxd1 14. Rfxd1 f6 15. Nf3 Nc6 16. Bc4 Rae8 17. a3 Na5 18. Bb5 Nxb3 19. Bxe8 Nxa1 20. Ba4 b5 21. Bxb5 Nb3 22. Bc4 Bd5 23. Rxd5 exd5 24. Bxb3 Rb8 25. Bxd5+ Kh8 26. Bc3 Rb1+ 27. Ne1 Rc1 28. Ba5 Bb6 29. Bd2 Rd1 30. Bb4 Rxd5 31. Kf1 Ba5 32. Ke2 Bxb4 33. axb4 Kg8 34. Nc2 Kf7 35. Nd4 g6 36. b5 Rd7 37. h4 Ke7 38. Kd3 Kd6 39. Ke4 Kc5 40. g4 Re7+ 41. Kd3 Rd7 42. Ke4 Kc4 43. Kf4 Rxd4+ 44. exd4 Kxd4 45. f3 h6 46. h5 g5+ 47. Kf5 Ke3 48. Kxf6 Kxf3 49. Kf5 Kg3 50. Kg6 Kxg4 51. Kxh6 Kf4 52. Kg6 g4 53. h6 g3 54. h7 g2 55. h8=Q g1=Q+ 56. Kf7 Qg5 57. Qb8+ Qe5 58. Qxa7 Qxb5 59. Qe7 Qd5+ 60. Qe6 Qxe6+ 61. Kxe6 1/2-1/2


[Site "https://www.chess.com"]

[Event "Titled Tuesday Blitz July 6 2021"]
[White "Assaubayeva, Bibisara"]
[Black "Afanasiev, Nikita"]
[WhiteFideId "13708694"]
[BlackFideId "24183555"]
[WhiteElo "2232"]
[BlackElo "2521"]
[Result "1-0"]
[Round "06"]
[TimeControl "180+1"]
[Date "2021.07.06"]
[WhiteClock "0:00:07"]
[BlackClock "0:00:02"]

1. d4 Nf6 2. c4 c5 3. d5 g6 4. Nc3 Bg7 5. e4 d6 6. h3 O-O 7. Nf3 e6 8. Bd3 Re8 9. Be3 Na6 10. Qd2 Nc7 11. a4 Na6 12. Rd1 e5 13. g4 h5 14. g5 Nh7 15. Ng1 f6 16. gxf6 Qxf6 17. Nge2 h4 18. f4 Nb4 19. Bb1 Rf8 20. fxe5 Qf3 21. Rg1 Bxe5 22. Bh6 Bxh3 23. Qe3 Qxe3 24. Bxe3 Kg7 25. Kd2 Rf3 26. Rh1 g5 27. Ng1 Rxe3 28. Kxe3 Bg2 29. Nf3 Bf4+ 30. Ke2 Rf8 31. Rhg1 Bxf3+ 32. Kxf3 Nf6 33. e5 dxe5 34. Ne4 Nh5 35. Ke2 Bg3 36. Nxg5 Nf4+ 37. Ke3 Kh6 38. Ne4 Bh2 39. Rg4 Kh5 40. Rg5+ Kh6 41. Rh1 Nh3 42. Rxh2 Nxg5 43. Rxh4+ Kg6 44. Rg4 Rf3+ 45. Kd2 Rb3 46. Rxg5+ Kh6 47. Kc1 Rh3 48. Rxe5 Rh1+ 49. Kd2 Rxb1 50. Nxc5 Na2 51. Kc2 Rg1 52. Re6+ Kg7 53. Nxb7 Nb4+ 54. Kc3 a5 55. Nxa5 Na2+ 56. Kd4 Rd1+ 57. Kc5 Kf7 58. Nc6 Nc1 59. b4 Nb3+ 60. Kb6 Rb1 61. a5 Nd2 62. Re7+ Kf6 63. c5 Kf5 64. Kc7 Nc4 65. d6 Kf4 66. d7 1-0


[Site "https://www.chess.com"]

[Event "Titled Tuesday Blitz July 6 2021"]
[White "Bartel, Michal"]
[Black "Priasmoro, Novendra"]
[WhiteFideId "1119257"]
[BlackFideId "7105029"]
[WhiteElo "2271"]
[BlackElo "2309"]
[Result "0-1"]
[Round "06"]
[TimeControl "180+1"]
[Date "2021.07.06"]
[WhiteClock "0:00:18"]
[BlackClock "0:00:49"]

1. e4 c5 2. Ne2 Nc6 3. g3 g6 4. Bg2 Bg7 5. c3 e6 6. d4 cxd4 7. cxd4 Nge7 8. d5 exd5 9. exd5 Ne5 10. d6 N7c6 11. Nbc3 O-O 12. O-O Rb8 13. h3 b5 14. Rb1 b4 15. Nd5 Ba6 16. Be3 Nc4 17. Bc1 Nxd6 18. Re1 Nf5 19. Bf4 d6 20. g4 Nfd4 21. Nxd4 Nxd4 22. Qa4 Bb5 23. Qxa7 Ne2+ 24. Kh1 Nxf4 25. Nxf4 Be5 26. Nd5 Qg5 27. Qe3 Qxe3 28. Rxe3 Bc4 29. b3 Ba6 30. f4 Bd4 31. Re4 Bd3 32. Rxd4 Bxb1 33. Rd2 Kg7 34. g5 Rfc8 35. Ne3 Rc1+ 36. Kh2 Rc3 37. Ng4 Rc2 38. Rxd6 Rxa2 39. Kg3 Rc8 40. Bd5 Rc7 41. Rb6 Bf5 42. Rxb4 Rc3+ 43. Kh4 Rh2 44. Nxh2 Rxh3# 0-1


[Site "https://www.chess.com"]

[Event "Titled Tuesday Blitz July 6 2021"]
[White "Baskin, Robert"]
[Black "Gabrielian, Artur"]
[WhiteFideId "24662402"]
[BlackFideId "4131002"]
[WhiteElo "2462"]
[BlackElo "2523"]
[Result "0-1"]
[Round "06"]
[TimeControl "180+1"]
[Date "2021.07.06"]
[WhiteClock "0:00:02"]
[BlackClock "0:00:24"]

1. d4 Nf6 2. c4 c5 3. d5 e6 4. Nc3 exd5 5. cxd5 d6 6. Nf3 g6 7. g3 Bg7 8. Bg2 O-O 9. O-O Re8 10. Bf4 Bf5 11. Nh4 Bg4 12. h3 Bc8 13. Nf3 a6 14. a4 h6 15. Re1 g5 16. Bc1 Nbd7 17. e4 Rb8 18. a5 b5 19. axb6 Rxb6 20. h4 g4 21. Nd2 Ne5 22. Qe2 Rb4 23. Nf1 c4 24. Ne3 Nd3 25. Rd1 Nxc1 26. Rdxc1 a5 27. Nc2 Rxb2 28. Qxc4 Nd7 29. Nd4 Rb4 30. Nc6 Rxc4 31. Nxd8 Rxd8 32. Nb5 Rxc1+ 33. Rxc1 Be5 34. Na7 Nc5 35. Nc6 Re8 36. Nxa5 f5 37. exf5 Bxf5 38. Nc6 Kg7 39. Bf1 Be4 40. Bg2 Bxg2 41. Kxg2 Kf6 42. Rb1 Bc3 43. Rc1 Be5 44. Rc4 h5 45. f3 gxf3+ 46. Kxf3 Ra8 47. g4 Ra3+ 48. Ke2 hxg4 49. Rxg4 Rh3 50. Kf2 Nd3+ 51. Kg2 Re3 52. h5 Nf4+ 53. Kf2 Rh3 54. Nb8 Kf5 55. Rg8 Bd4+ 56. Ke1 Be3 57. Kd1 Rxh5 58. Re8 Nxd5 59. Nc6 Rh2 60. Rf8+ Ke4 61. Re8+ Kd3 62. Nb4+ Nxb4 0-1


[Site "https://www.chess.com"]